 Dungeon Crawl Stone Soup version 0.27-a0-1188-g73eefd5def (webtiles) character file.

Game seed: 17361865784117717020

69 Mrcawl the Skirmisher (level 4, -13/42 HPs)
             Began as a Naga Fighter on May 21, 2021.
             Mangled by a small abomination (20 damage)
             ... on level 1 of the Abyss.
             The game lasted 00:03:22 (2200 turns).

Mrcawl the Skirmisher (Naga Fighter)                Turns: 2200, Time: 00:03:23

Health: -13/42     AC:  5    Str: 18    XL:     4   Next: 20%
Magic:  4/4        EV:  5    Int:  8    God:
Gold:   90         SH:  9    Dex: 12    Spells: 3/3 levels left

rFire    . . .     SeeInvis +   f - +1 dagger (speed)
rCold    . . .     Faith    .   c - +0 kite shield
rNeg     . . .     Spirit   .   b - +0 scale mail
rPois    +         Reflect  .   (no helmet)
rElec    .         Harm     .   (no cloak)
rCorr    .         Rampage  .   (no gloves)
Will     .....                  (no barding)
Stlth    ..........             (no amulet)
HPRegen  0.14/turn              (no ring)
MPRegen  0.09/turn              (no ring)

@: mighty, very slow
A: AC +1, large, see invisible, deformed body, poison resistance, slowness 2,
spit poison 1, naga tail 1
a: Spit Poison


You were on level 1 of the Abyss.
You visited 1 branch of the dungeon, and saw 2 of its levels.
You visited the Abyss 1 time.

You collected 90 gold pieces.

Inventory:

Hand Weapons
 a - a +0 rapier
 f - a +1 dagger of speed (weapon)
 j - a +4 short sword
Armour
 b - a +0 scale mail (worn)
 c - a +0 kite shield (worn)
Jewellery
 i - a ring of poison resistance
Scrolls
 e - a scroll of immolation {unknown}
Potions
 h - a potion of lignification {unknown}
 k - a potion of haste {unknown}


   Skills:
 + Level 3.4 Fighting
 * Level 2.8 Short Blades
 + Level 2.9 Armour
 + Level 0.1 Dodging
 + Level 0.1 Stealth
 + Level 2.9 Shields


You had 3 spell levels left.
You didn't know any spells.
Your spell library contained the following spells:

 Spells                   Type           Power      Damage    Failure   Level
 Confusing Touch          Hex            0%         N/A       100%        3
 Gell's Gravitas          Tloc           0%         N/A       100%        3
 Petrify                  Tmut/Erth      0%         N/A       100%        4
 Metabolic Englaciation   Hex/Ice        0%         N/A       100%        5
 Yara's Violent Unravell  Hex/Tmut       0%         3d3       100%        5


Dungeon Overview and Level Annotations

Branches:
Dungeon (2/15)

Altars:

Annotations:
D:2 Natasha, Robin


Innate Abilities, Weirdness & Mutations

Your serpentine skin is tough. (AC +1)
You have supernaturally acute eyesight. (SInv)
Armour fits poorly on your strangely shaped body.
Your system is resistant to poisons. (rPois)
You cover ground very slowly.
You can spit poison.
You have a snake-like lower body.


Message History

To return, you must find a gate leading back.
Killing monsters will force the Abyss to allow you passage.
This branch contains the abyssal rune of Zot.
You start resting.
You have got your breath back.
Found a scroll labelled HISUDIXYSETZ.
e - a scroll labelled HISUDIXYSETZ
There are no items here.
As you read the scroll labelled HISUDIXYSETZ, it crumbles to dust.
You hear a loud clanging noise!
It was a scroll of noise.
You hear a shout!
Found a scroll labelled LYSAIT BAED.
Found a gateway leading deeper into the Abyss.
You see here a scroll labelled LYSAIT BAED.
e - a scroll labelled LYSAIT BAED The small abomination hits you.
Found 10 arrows.
There is a gateway leading deeper into the Abyss, spattered with blood here.
You hit the small abomination.
The small abomination is moderately damaged.
You puncture the small abomination!
The small abomination is heavily damaged.
The small abomination hits you!
* * * LOW HITPOINT WARNING * * *
It was a potion of heal wounds.
You feel much better. The small abomination hits you!
You feel mightier all of a sudden.
You block the small abomination's attack.
The small abomination hits you!
* * * LOW HITPOINT WARNING * * *
You hit the small abomination.
The small abomination is heavily damaged.
Your shield and scale mail prevent you from hitting the small abomination.
The small abomination is heavily damaged.
You block the small abomination's attack.
You hit the small abomination.
The small abomination is severely damaged.
The small abomination hits you!!
You die...

# .. .# .#
#.##
####...#
#..@.#.# .
###x..#
#.#.#.#.#.#
#. .#...#.#
# .#.#.##(
. ##.
#...#.. .#
....##.##
##..##.
..#. .#..#
..... # .
#...# #...
.


You could see a small abomination.

Vanquished Creatures
  Natasha (D:2)
  An adder (D:2)
  A ball python (D:2)
  5 endoplasms
  A giant cockroach (D:1)
  3 hobgoblins (D:1)
  3 jackals (D:1)
  A quokka (D:1)
  2 bats
  3 frilled lizards
  6 goblins
  3 kobolds (D:1)
  A rat (D:2)
31 creatures vanquished.

Notes
Turn   | Place    | Note
-------+----------+-------------------------------------------
     0 | D:1      | Mrcawl the Naga Fighter began the quest for the Orb.
     0 | D:1      | Reached XP level 1. HP: 21/21 MP: 1/1
   460 | D:1      | Reached XP level 2. HP: 19/28 MP: 2/2
  1066 | D:1      | Found a faded altar of an unknown god.
  1613 | D:2      | Reached XP level 3. HP: 34/34 MP: 3/3
  1922 | D:2      | Noticed Natasha
  1929 | D:2      | Killed Natasha
  1930 | D:2      | Reached XP level 4. HP: 21/42 MP: 4/4
  2136 | D:2      | Noticed Robin
  2136 | D:2      | Noticed Natasha
  2161 | D:2      | Cast into level 1 of the Abyss (goblin)
  2185 | Abyss:1  | Noticed a small abomination
  2200 | Abyss:1  | Mangled by a small abomination

Illustrated notes

Levels and vault maps discovered:
D:1:      kennysheep_arrival_seaside, layout_loops_ring,
          chequers_ecumenical_altar_twisty
D:2:      layout_basic, uniq_robin, uniq_natasha
Abyss:1:  base:
D:2

Action                   |  1- 3 |  4- 6 || total
-------------------------+-------+-------++-------
Melee: Dagger            |   128 |    30 ||   158
       Rapier            |     8 |       ||     8
       Short sword       |    11 |       ||    11
 Abil: Spit Poison       |     3 |     1 ||     4
  Use: Potion            |       |     4 ||     4
       Scroll            |       |     2 ||     2
Armor: Scale mail        |    53 |    11 ||    64
Dodge: Dodged            |    25 |     3 ||    28
Block: Kite shield       |    54 |    20 ||    74

Table legend: (Time is in decaauts)
 A = Elapsed time spent in this place.
 B = Non-inter-level travel time spent in this place.
 C = Inter-level travel time spent in this place.
 D = Time resting spent in this place.
 E = Time spent auto-exploring this place.
 F = Levels seen in this place.
 G = Mean time per level.
                   A        B        C        D        E       F      G
               +--------+--------+--------+--------+--------+-----+--------+
         Total |   2587 |   2539 |     48 |    522 |   1698 |   3 |  862.3 |
       Dungeon |   2539 |   2491 |     48 |    520 |   1698 |   2 | 1269.5 |
         Abyss |     48 |     48 |      0 |      2 |      0 |   1 |   48.0 |
               +--------+--------+--------+--------+--------+-----+--------+

Top non-repeatable levels by time:
     D:1: 1842 daAuts
     D:2: 696 daAuts
 Abyss:1: 48 daAuts
